 Dungeon Sprint DCSS version 0.29-a0-824-gd827844252 (webtiles) character file.

Game seed: 7778371349170024672

44579 mhtbhm the Ninja (level 13, -14/67 HPs)
             Began as a Spriggan Enchanter on July 10, 2022.
             Was the Champion of Dithmenos.
             Killed from afar by a spriggan air mage (35 damage)
             ... with a bolt of lightning
             ... in the Dungeon (Sprint IX: "|||||||||||||||||||||||||||||").
             The game lasted 00:15:33 (6913 turns).

mhtbhm the Ninja (Spriggan Enchanter)               Turns: 6913, Time: 00:15:33

Health: -14/67     AC:  5    Str:  4    XL:     13   Next: 97%
Magic:  39/39      EV: 33    Int: 20    God:    Dithmenos [******]
Gold:   1082       SH:  0    Dex: 23    Spells: 44/55 levels left

rFire   . . .      SeeInvis +   a - +11 short sword of Tasyub {protect, Int+3}
rCold   . . .      Faith    +   (no shield)
rNeg    . . .      Spirit   .   b - +2 robe {Will+}
rPois   .          Reflect  .   (helmet restricted)
rElec   .          Harm     .   s - +0 cloak {Will+}
rCorr   .          Rampage  .   (gloves unavailable)
Will    ++++.      NoTele   +   (boots unavailable) Stlth *********+
                                y - amulet of faith
HPRegen 0.21/turn               l - +3 ring of dexterity
MPRegen 0.26/turn               z - +4 ring of evasion

@: confusing by touch, hasted, wreathed by umbra, very quick
A: very small, no large weapons, unfitting armour, see invisible, speed 3
a: Renounce Religion, Shadow Step, Shadow Form


You were in the Dungeon.
You worshipped Dithmenos.
Dithmenos was exalted by your worship.
You visited 1 branch You collected 1961 gold pieces.
You spent 879 gold pieces at shops.

Inventory:

Hand Weapons
 a - the +11 short sword of Tasyub (weapon) {protect, Int+3}
   (You bought it in a shop in the Dungeon)

   It grants its wielder temporary protection when it strikes (+7 to AC).
   Int:       It affects your intelligence (+3).
Missiles
 w - 3 datura-tipped darts (quivered)
Armour
 b - a +2 robe of willpower (worn)
 s - a +0 cloak of willpower (worn)
Jewellery
 l - a +3 ring of dexterity (left hand)
 x - a ring of ice
 y - an amulet of faith (around neck)
 z - a +4 ring of evasion (right hand)
 A - a ring of protection from fire
Wands
 k - a wand of acid (1)
 t - a wand of flame (16)
 v - a wand of digging (3)
Scrolls
 i - a scroll of blinking
 j - 2 scrolls of amnesia
 m - 2 scrolls of identify
 p - 3 scrolls of fog
 q - 2 scrolls of fear
 r - 4 scrolls of enchant armour
Potions
 c - a potion of invisibility
 d - 4 potions of curing
 f - a potion of haste
 g - 4 potions of magic
 h - 2 potions of berserk rage
 n - 2 potions of mutation
 o - 4 potions of brilliance
 u - a potion of cancellation {unknown}


   Skills:
 + Level 7.4 Fighting
 + Level 13.8 Short Blades
 + Level 2.8 Throwing
 + Level 12.5 Dodging
 O Level 27 Stealth
 + Level 21.8 Spellcasting
 + Level 3.7 Conjurations
 + Level 21.8 Hexes
 + Level 11.5 Ice Magic
 + Level 1.3 Invocations
 + Level 4.3 Evocations


You had 44 spell levels left.
You knew the following spells:

 Your Spells              Type           Power      Damage    Failure   Level
a - Ensorcelled Hibernat  Hex/Ice        100%       N/A       0%          2
b - Confusing Touch       Hex            83%        N/A       0%          3
c - Tukima's Dance        Hex            83%        N/A       0%          3
d - Dazzling Flash        Conj/Hex       100%       N/A       1%          3

Your spell library contained the following spells:

 Spells                   Type           Power      Damage    Failure   Level


Dungeon Overview and Level Annotations

Branches:
Dungeon (1/1)

Altars:
Cheibriados
Dithmenos
Elyvilon
Fedhas
Gozag
Hepliaklqana
Kikubaaqudgha
Makhleb
Nemelex Xobeh
Okawaru
Qazlal
Ru
Sif Muna
Trog
Uskayaw
Vehumet
Wu Jian
Xom
Yredelemnul
Zin
The Shining One
Jiyva
Lugonu

Shops:
D (([[


Innate Abilities, Weirdness & Mutations

You are very small and have problems with some larger weapons.
You are too small for most types of armour.
You have supernaturally acute eyesight. (SInv)
You cover ground extremely quickly. (Speed+++)


Message History

The spriggan air mage is heavily wounded.
Your shadow closely misses the spriggan air mage.
You closely miss the spriggan air mage.
The spriggan air mage is heavily wounded.
You hit the spriggan air mage but do no damage.
The spriggan air mage is heavily wounded.
You hit the spriggan air mage but do no damage.
The spriggan air mage is heavily wounded.
The spriggan air mage barely misses you.
You miss the spriggan air mage.
The spriggan air mage is heavily wounded.
You miss the spriggan air mage.
The spriggan air mage is heavily wounded.
Your shadow barely misses the spriggan air mage.
You hit the spriggan air mage but do no damage.
The spriggan air mage is heavily wounded.
Your shadow completely misses the spriggan air mage.
The spriggan air mage completely misses you.
You hit the spriggan air mage but do no damage.
Your punch misses the spriggan air mage.
The spriggan air mage is heavily wounded.
Your shadow hits the spriggan air mage with a short sword.
You hit the spriggan air mage but do no damage.
The spriggan air mage is heavily wounded.
Your shadow hits the spriggan air mage with a short sword.
You hit the spriggan air mage but do no damage.
The spriggan air mage is heavily wounded.
The spriggan air mage misses you.
You closely miss the spriggan air mage.
The spriggan air mage is heavily wounded.
Your shadow misses the spriggan air mage.
You hit the spriggan air mage but do no damage.
The spriggan air mage is heavily wounded.
Your shadow completely misses the spriggan air mage.
You hit the spriggan air mage but do no damage.
The spriggan air mage is heavily wounded.
The spriggan air mage casts a spell at you.
The bolt of lightning hits you!!
Ouch! That really hurt!
You die...

.................................
▓▓▓▓▓▓▓▓▓▓▓▓▓▓▓▓▓▓▓▓▓▓▓▓▓▓▓▓▓▓▓▓▓
.......'...........).).'......=..
▓▓▓▓▓▓▓▓▓▓▓▓▓▓▓▓▓▓▓▓▓▓▓▓▓▓▓▓▓▓▓▓▓
..............)..................
▓▓▓▓▓▓▓▓▓▓▓▓▓▓▓▓▓▓▓▓▓♣♣♣♣♣♣♣♣♣♣▓▓
..........'.††.).†..'.......).'.)
▓▓▓▓▓▓▓▓▓▓▓▓▓▓▓▓▓▓▓▓▓♣♣♣♣♣♣♣♣♣♣▓▓
..............§§@i§§........§C§§§
▓▓▓▓▓▓▓▓▓▓▓▓▓▓▓▓▓▓▓▓▓▓▓▓▓▓▓▓▓▓▓▓▓


You could see a spriggan air mage (repels missiles).

Vanquished Creatures
  Kirke (D)
  A fire giant (D)
  2 frost giants (D)
  An iron dragon (D)
  3 stone giants (D)
  2 bunyips (D)
  Azrael (D)
  A spark wasp (D)
  A fire dragon (D)
  2 ettins (D)
  A shambling mangrove (D)
  A rakshasa (D)
  3 boulder beetles (D)
  A merfolk avatar (D)
  3 hydras (D)
  Erolcha (D)
  An alligator (D)
  A satyr (D)
  A centaur warrior (D)
  2 deep troll earth magi (D)
  A spriggan berserker (D)
  A naga sharpshooter (D)
  2 spriggans (D)
  A skeletal warrior (D)
  2 sea snakes (D)
  2 glowing orange brains (D)
  A flayed ghost (D)
  8 orc knights (D)
  A deep elf pyromancer (D)
  An ugly thing (D)
  A cyclops (D)
  2 wolf spiders (D)
  An orc sorcerer (D)
  2 manticores (D)
  4 black mambas (D)
  A merfolk siren (D)
  Maurice (D)
  2 guardian serpents (D)
  A gargoyle (D)
  A naga mage (D)
  3 cane toads (D)
  A merfolk (D)
  A polar bear (D)
  A meliai (D)
  2 hornets (D)
  A tarantella (D)
  A slime creature (D)
  2 blink frogs (D)
  2 snapping turtles (D)
  2 culicivoras (D)
  A wyvern (D)
  Eustachio (D)
  A hog (D)
  A yak (shapeshifter) (D)
  3 yaks (D)
  A basilisk (D)
  4 fire elementals (D)
  Grum (D)
  A warg (D)
  2 nagas (D)
  5 hell hounds (D)
  3 water moccasins (D)
  15 orc warriors (D)
  8 wolves (D)
  4 bullfrogs (D)
  A scorpion (D)
  2 killer bees (D)
  2 hounds (D)
  5 orc priests (D)
  4 orc wizards (D)
  An iguana (D)
  An adder (D)
  7 orcs (D)
  A goblin (D)
  A bat (D)
  A kobold (D)
  2 rats (D)
161 creatures vanquished.

Vanquished Creatures (others)
  A centaur warrior (D)
  A spriggan druid (D)
  2 bloated husks (D)
  4 humans (D)
8 creatures vanquished.

Grand Total: 169 creatures vanquished

Notes
Turn   | Place    | Note
-------+----------+-------------------------------------------
     0 | D        | mhtbhm the Spriggan Enchanter began the quest for the Orb.
     0 | D        | Reached XP level 1. HP: 9/9 MP: 5/5
     8 | D        | Reached skill level 5 in Stealth
   123 | D        | Noticed a hound
   123 | D        | Noticed a scorpion
   123 | D        | Noticed a hound
   123 | D        | Noticed an iguana
   126 | D        | Killed an iguana
   127 | D        | Reached skill level 7 in Stealth
   127 | D        | Reached skill level 5 in Hexes
   127 | D        | Reached XP level 2. HP: 13/13 MP: 5/7
   127 | D        | Reached XP level 3. HP: 16/16 MP: 6/9
   149 | D        | Reached skill level 8 in Stealth
   149 | D        | Reached XP level 4. HP: 17/21 MP: 9/11
   149 | D        | Killed a scorpion
   150 | D        | Reached skill level 5 in Dodging
   150 | D        | Reached skill level 10 in Stealth
   160 | D        | Learned a level 2 spell: Ensorcelled Hibernation
   164 | D        | Learned a level 3 spell: Confusing Touch
   168 | D        | Learned a level 3 spell: Tukima's Dance
   172 | D        | Learned a level 3 spell: Dazzling Flash
   214 | D        | Reached skill level 5 in Spellcasting
   214 | D        | Reached XP level 5. HP: 24/24 MP: 9/13
   220 | D        | Found a snail-covered altar of Cheibriados.
   220 | D        | Found a shadowy altar of Dithmenos.
   220 | D        | Found a white marble altar of Elyvilon.
   220 | D        | Found a blossoming altar of Fedhas.
   220 | D        | Found an opulent altar of Gozag.
   221 | D        | Found a hazy altar of Hepliaklqana.
   222 | D        | Found a viscous altar of Jiyva.
   223 | D        | Found an ancient bone altar of Kikubaaqudgha.
   224 | D        | Found a corrupted altar of Lugonu.
   225 | D        | Found a burning altar of Makhleb.
   226 | D        | Found a sparkling altar of Nemelex Xobeh.
   227 | D        | Found an iron altar of Okawaru.
   228 | D        | Found a stormy altar of Qazlal.
   229 | D        | Found a sacrificial altar of Ru.
   243 | D        | Became a worshipper of Dithmenos the Shadowed
   249 | D        | Found a shimmering blue altar of Sif Muna.
   250 | D        | Found a bloodstained altar of Trog.
   251 | D        | Found a hide-covered altar of Uskayaw.
   252 | D        | Found a radiant altar of Vehumet.
   253 | D        | Found an ornate altar of the Wu Jian Council.
   254 | D        | Found a shimmering altar of Xom.
   255 | D        | Found a basalt altar of Yredelemnul.
   256 | D        | Found a glowing silver altar of Zin.
   257 | D        | Found a glowing golden altar of the Shining One.
   276 | D        | Got the +2 rapier "Halatt" {venom, rPois rF- rC+}
   286 | D        | Noticed an orc warrior
   286 | D        | Noticed a yak
   286 | D        | Noticed a yak
   292 | D        | Reached skill level 11 in Stealth
   293 | D        | Killed a yak
   294 | D        | Reached skill level 12 in Stealth
   294 | D        | Reached skill level 1 in Ice Magic
   294 | D        | Reached XP level 6. HP: 26/29 MP: 6/15
   295 | D        | Killed a yak
   295 | D        | Reached * piety under Dithmenos
   296 | D        | Reached skill level 1 in Fighting
   296 | D        | Reached skill level 13 in Stealth
   298 | D        | Reached skill level 5 in Short Blades
   298 | D        | Reached skill level 14 in Stealth
   308 | D        | Reached XP level 7. HP: 28/33 MP: 0/17
   566 | D        | Reached ** piety under Dithmenos
   567 | D        | Reached skill level 10 in Hexes
   650 | D        | Noticed a gargoyle
   650 | D        | Noticed a centaur warrior
   650 | D        | Noticed a centaur warrior
   650 | D        | Noticed a cyclops
   650 | D        | Noticed a boulder beetle
   650 | D        | Noticed a yak
   654 | D        | Killed a yak
   655 | D        | Reached skill level 15 in Stealth
   668 | D        | Killed a boulder beetle
   669 | D        | Reached skill level 16 in Stealth
   669 | D        | Reached XP level 8. HP: 39/39 MP: 7/21
   673 | D        | Killed a cyclops
   674 | D        | Reached skill level 1 in Conjurations
   674 | D        | Killed a centaur warrior
   674 | D        | Reached *** piety under Dithmenos
   675 | D        | Reached skill level 17 in Stealth
   675 | D        | Reached skill level 10 in Spellcasting
   675 | D        | Reached skill level 1 in Evocations
   675 | D        | Reached XP level 9. HP: 19/43 MP: 5/24
   679 | D        | Killed a centaur warrior
   680 | D        | Reached skill level 5 in Ice Magic
   686 | D        | Killed a gargoyle
   687 | D        | Reached skill level 18 in Stealth
   946 | D        | Noticed a polar bear
   949 | D        | Noticed a cane toad
   950 | D        | Killed a polar bear
   951 | D        | Noticed a four-headed hydra
   952 | D        | Reached **** piety under Dithmenos
   978 | D        | Killed a four-headed hydra
   978 | D        | Reached ***** piety under Dithmenos
   979 | D        | Reached skill level 19 in Stealth
   981 | D        | Reached XP level 10. HP: 48/48 MP: 12/27
   986 | D        | Killed a cane toad
   987 | D        | Reached skill level 20 in Stealth
  1108 | D        | Noticed a black mamba
  1108 | D        | Noticed a cane toad
  1110 | D        | Killed a cane toad
  1111 | D        | Noticed a cane toad
  1126 | D        | Killed a black mamba
  1127 | D        | Reached skill level 21 in Stealth
  1130 | D        | Killed a cane toad
  1130 | D        | Reached ****** piety under Dithmenos
  1659 | D        | Noticed Eustachio
  1661 | D        | Noticed Maurice
  1666 | D        | Killed Eustachio
  1669 | D        | Killed Maurice
  1670 | D        | Reached skill level 22 in Stealth
  1919 | D        | Noticed an orc knight
  1921 | D        | Reached XP level 11. HP: 42/52 MP: 23/30
  2031 | D        | Killed an orc knight
  2032 | D        | Reached skill level 15 in Hexes
  2050 | D        | Noticed an orc sorcerer
  2053 | D        | Noticed an orc knight
  2057 | D        | Killed an orc sorcerer
  2298 | D        | Killed an orc knight
  2299 | D        | Reached skill level 23 in Stealth
  2351 | D        | Found Wecefiva's Antique Armour Boutique.
  2351 | D        | Noticed an orc knight
  2351 | D        | Noticed an orc knight
  2351 | D        | Noticed an orc knight
  2352 | D        | Noticed an orc knight
  2353 | D        | Killed an orc knight
  2354 | D        | Found Inajamecyc's Antique Armour Shop.
  2355 | D        | Killed an orc knight
  2358 | D        | Found Hin Pool's Weapon Boutique.
  2360 | D        | Reached skill level 10 in Short Blades
  2414 | D        | Killed an orc knight
  2415 | D        | Reached skill level 15 in Spellcasting
  2447 | D        | Killed an orc knight
  2456 | D        | Noticed an orc knight
  2458 | D        | Found Vigh's Weapon Shop.
  2462 | D        | Noticed an orc knight
  2476 | D        | Killed an orc knight
  2477 | D        | Reached skill level 24 in Stealth
  2479 | D        | Killed an orc knight
  2491 | D        | Bought the +11 short sword of Tasyub {protect, Int+3} for
                  | 862 gold pieces
  2622 | D        | Bought 4 datura-tipped darts for 17 gold pieces
  2687 | D        | Noticed Grum
  2700 | D        | Killed Grum
  2725 | D        | Noticed Erolcha
  2732 | D        | Killed Erolcha
  2784 | D        | Found the +10 dark maul {vorpal}
  2842 | D        | Noticed a deep elf pyromancer
  2842 | D        | Noticed a rakshasa
  2842 | D        | Noticed a five-headed hydra
  2842 | D        | Noticed a four-headed hydra
  2843 | D        | Noticed a boulder beetle
  2844 | D        | Killed a four-headed hydra
  2845 | D        | Reached skill level 25 in Stealth
  2845 | D        | Noticed a skeletal warrior
  2847 | D        | Noticed a stone giant
  2848 | D        | Killed a five-headed hydra
  2849 | D        | Noticed a glowing orange brain
  2850 | D        | Killed a rakshasa
  2851 | D        | Reached XP level 12. HP: 58/58 MP: 31/33
  2857 | D        | Reached skill level 10 in Dodging
  2859 | D        | Reached skill level 26 in Stealth
  2860 | D        | Noticed an ettin
  2863 | D        | Killed a boulder beetle
  3287 | D        | Killed a stone giant
  3299 | D        | Killed an ettin
  3300 | D        | Reached skill level 5 in Fighting
  3343 | D        | Noticed a fire dragon
  3347 | D        | Noticed a deep troll earth mage
  3351 | D        | Killed a fire dragon
  3360 | D        | Killed a deep troll earth mage
  3361 | D        | Reached skill level 27 in Stealth
  3391 | D        | Noticed a frost giant
  3595 | D        | Killed a frost giant
  3799 | D        | Noticed Azrael
  4109 | D        | Killed Azrael
  4379 | D        | Reached skill level 10 in Ice Magic
  4390 | D        | Noticed a merfolk avatar
  4391 | D        | Noticed a satyr
  4393 | D        | Reached XP level 13. HP: 65/65 MP: 36/36
  4410 | D        | Noticed a bunyip
  4652 | D        | Noticed a bunyip
  4699 | D        | Killed a bunyip
  5285 | D        | Killed a bunyip
  5531 | D        | Noticed a spark wasp
  5536 | D        | Killed a spark wasp
  5707 | D        | Noticed Kirke
  5752 | D        | Killed Kirke
  5753 | D        | Reached skill level 1 in Throwing
  5851 | D        | Noticed a fire giant
  5851 | D        | Noticed a stone giant
  5851 | D        | Noticed an ettin
  5851 | D        | Noticed a stone giant
  5852 | D        | Noticed an iron dragon
  5854 | D        | Noticed a frost giant
  5871 | D        | Killed a stone giant
  6143 | D        | Killed a stone giant
  6207 | D        | Killed a fire giant
  6208 | D        | Reached skill level 1 in Invocations
  6212 | D        | Killed an ettin
  6549 | D        | Killed an iron dragon
  6697 | D        | Killed a frost giant
  6913 | D        | Killed from afar by a spriggan air mage

Illustrated notes

Levels and vault maps discovered:
D:        linesprint [early_d, line_temple, items_1, d_10, items_2, lair_1,
          lair_end, items_3, orc_1, orc_end, items_4, d_15, swamp_1, shoals_1,
          snake_1, spider_1, d_20, vaults_1, items_5, swamp_end, shoals_end,
          snake_end, spider_end, vaults_end, d_27, items_6, zot_1, zot_end,
          crypt_end, forest_end, elf_end, slime_end, tomb_end, abyss_end,
          pan_hell_end]

Skill      XL: |  1  2  3  4  5  6  7  8  9 10 11 12 13 |
---------------+----------------------------------------+-----
Stealth        | 7 8 10 12 14 16 17 19 22 25 27 | 27.0
Hexes          | 5 6 8 9 11 12 13 14 16 19 21 | 21.8
Spellcasting   | 3 4 5 6 8 10 12 14 16 18 21 | 21.8
Dodging        | 3 4 5 6 7 8 9 10 12 | 12.5
Short Blades   | 2 4 5 6 7 9 10 11 13 | 13.8
Ice Magic      | 1 2 4 5 7 9 10 11 | 11.5
Fighting       | 1 2 3 4 5 7 |  7.4
Conjurations   | 1 2 3 |  3.7
Evocations     | 1 3 4 |  4.3
Throwing       | 2 |  2.8
Invocations    | 1 |  1.3

Action                   |  1- 3 |  4- 6 |  7- 9 | 10-12 | 13-15 || total
-------------------------+-------+-------+-------+-------+-------++-------
Melee: Dagger            |    36 |     3 |       |       |       ||    39
       Punch             |     1 |       |       |     3 |       ||     4
       Rapier            |       |     8 |    34 |   101 |       ||   143
       Short sword       |       |       |       |   114 |   129 ||   243
Throw: Dart              |       |       |       |       |     6 ||     6
 Cast: Ensorcelled Hiber |       |     7 |    15 |    87 |    23 ||   132
       Dazzling Flash    |       |     1 |     3 |    13 |     9 ||    26
       Confusing Touch   |       |       |     3 |     9 |     7 ||    19
       Tukima's Dance    |       |       |       |     7 |       ||     7
Invok: Shadow Step       |       |       |       |       |     2 ||     2
Evoke: Wand              |       |       |     3 |       |     6 ||     9
  Use: Potion            |     2 |     1 |     3 |     1 |     5 ||    12
       Scroll            |       |       |       |       |     1 ||     1
 Stab: Invisible         |     3 |     2 |     3 |    14 |     7 ||    29
       Sleeping          |     1 |     5 |     8 |    65 |    22 ||   101
       Confused          |       |       |     2 |     8 |     6 ||    16
       Distracted        |       |       |     1 |       |     1 ||     2
Armor: Robe              |     4 |       |       |     7 |     3 ||    14
Dodge: Dodged            |    29 |    14 |    25 |   146 |    47 ||   261

Table legend: (Time is in decaauts)
 A = Elapsed time spent in this place.
 B = Non-inter-level travel time spent in this place.
 C = Inter-level travel time spent in this place.
 D = Time resting spent in this place.
 E = Time spent auto-exploring this place.
 F = Levels seen in this place.
 G = Mean time per level.
                   A        B        C        D        E       F      G
               +--------+--------+--------+--------+--------+-----+--------+
         Total |   5852 |   5852 |      0 |   2695 |   1552 |   1 | 5852.0 |
       Dungeon |   5852 |   5852 |      0 |   2695 |   1552 |   1 | 5852.0 |
               +--------+--------+--------+--------+--------+-----+--------+

Top non-repeatable levels by time:
       D: 5852 daAuts
